 Dungeon Crawl Stone Soup version 0.31-a0-986-g5e6e4ef867 (webtiles) character file.

Game seed: 7979464502130860404

170 wildpjah the Slasher (level 5, -7/42 HPs)
             Began as a Merfolk Monk on Nov 18, 2023.
             Was a Believer of the Shining One.
             Mangled by an ogre
             ... wielding a +0 giant club
              (26 damage)
             ... on level 4 of the Dungeon.
             The game lasted 00:03:38 (2507 turns).

wildpjah the Slasher (Merfolk Monk)                 Turns: 2507, Time: 00:03:39

Health: -7/42      AC:  3    Str: 11    XL:     5   Next: 51%
Magic:  11/14      EV: 14    Int: 12    God:    the Shining One [**....]
Gold:   135        SH:  6    Dex: 16    Spells: 4/4 levels left

rFire   . . .        a - +0 falchion
rCold   . . .        d - orb {light}
rNeg    + . .        b - +0 robe
rPois   .            (no helmet)
rElec   .            (no cloak)
rCorr   .            j - +0 pair of gloves
SInv    .            (no boots)
Will    .....        (no amulet)
Stlth   +            h - ring of magical power
HPRegen 0.27/turn    (no ring)
MPRegen 0.14/turn

%: no passive effects
@: divinely shielded, glowing
A: (nimble swimmer 2), mertail
a: Renounce Religion, Divine Shield


You were on level 4 of the Dungeon.
You worshipped the Shining One.
The Shining One was pleased with you.
You visited 1 branch of the dungeon, and saw 4 of its levels.

You collected 135 gold pieces.

Inventory:

Hand Weapons
 a - a +0 falchion (weapon)
 t - a +0 great sword
Armour
 b - a +0 robe (worn)
 d - an orb of light (worn)
 j - a +0 pair of gloves (worn)
Jewellery
 h - a ring of magical power (left hand)
Scrolls
 e - 3 scrolls of identify {unknown}
 f - a scroll of teleportation {unknown}
 g - 2 scrolls of poison {unknown}
 k - a scroll of noise {unknown}
 n - a scroll of summoning {unknown}
 p - a scroll of acquirement {unknown}
 q - a scroll of enchant weapon {unknown}
 r - a scroll of vulnerability {unknown}
Potions
 c - a potion of ambrosia
 i - a potion of degeneration {unknown}
 l - a potion of heal wounds {unknown}
 m - a potion of enlightenment {unknown}
 o - a potion of lignification {unknown}
 s - a potion of curing {unknown}


   Skills:
 + Level 4.3 Fighting
 + Level 5.9 Long Blades
 + Level 4.9 Dodging
 + Level 0.5 Stealth


You had 4 spell levels left.
You didn't know any spells.
Your spell library contained the following spells:

 Spells                   Type           Power      Damage    Failure   Level
 Slow                     Hex            0%         N/A       32%         1
 Confusing Touch          Hex            0%         N/A       69%         3
 Sigil of Binding         Hex            0%         N/A       69%         3
 Vampiric Draining        Necr           0%         2d6       69%         3


Dungeon Overview and Level Annotations

Branches:
Dungeon (4/15)
 Temple: D:4-7

Altars:
The Shining One


Innate Abilities, Weirdness & Mutations

((You are very nimble when in or above water. (Stealth+, EV+, Speed+++)))
Your lower body shifts to a powerful aquatic tail in water.


Message History

You hit the hobgoblin.
The hobgoblin is almost dead.
The hobgoblin barely misses you.
You hit the hobgoblin.
You kill the hobgoblin!
A ball python comes into view.
You hit the worm.
The worm is moderately wounded.
The worm barely misses you.
You slash the worm!
The worm is severely wounded.
You slash the worm!
You kill the worm!
The ball python bites you but does no damage.
The ball python closely misses you. x2; The ball python misses you.
You hit the ball python.
The ball python is moderately wounded.
The ball python misses you. The ball python barely misses you.
You slash the ball python!
You kill the ball python!
No target in view!
No target in view!
Found a great sword and 6 stones.
You now have 135 gold pieces (gained 9).
An ogre comes into view. It is wielding a +0 giant club.
Found a stone staircase leading down.
You see here a +0 great sword.
t - a +0 great sword Activating: Divine Shield (24% risk of failure)
Press: ? - help, Q - select action Dir - look around, f - activate Your shield is strengthened by the Shining One's divine power.
You hit the ogre.
The ogre is lightly wounded.
The ogre hits you with a +0 giant club!!
Ouch! That really hurt!
You hit the ogre but do no damage.
The ogre is lightly wounded.
The ogre hits you with a +0 giant club!!
Ouch! That really hurt!
You die...

# .#######...###
###.....##......#
#.(...#.##....#.#
#@#.....<........
#O#..#####....#.#
#...#....#....#.##
#.#...#.##)#....#...
#>....#.##.†........
#.#.#.#.##...#..#...
.#.#.#........#..#.##
#.........#....#..#.#
####...........#..#.#


You could see an ogre.

Vanquished Creatures
  A scorpion (D:2)
  Jessica (D:3)
  Terence (D:3)
  An adder (D:2)
  3 worms
  A dart slug (D:3)
  7 bats
  2 endoplasms
  A giant cockroach (D:1)
  A goblin (D:3)
  4 hobgoblins
  3 kobolds
  2 quokkas (D:2)
  6 ball pythons
  6 frilled lizards
  6 rats
46 creatures vanquished.

Notes
Turn   | Place    | Note
-------+----------+-------------------------------------------
     0 | D:1      | wildpjah the Merfolk Monk began the quest for the Orb.
     0 | D:1      | Reached XP level 1. HP: 18/18 MP: 1/1
   208 | D:1      | Reached XP level 2. HP: 24/24 MP: 2/2
   514 | D:1      | Reached skill level 4 in Long Blades
  1015 | D:2      | Reached XP level 3. HP: 29/29 MP: 3/3
  1094 | D:2      | Noticed a scorpion
  1109 | D:2      | Killed a scorpion
  1110 | D:2      | Reached skill level 5 in Long Blades
  1110 | D:2      | Reached XP level 4. HP: 15/37 MP: 4/4
  1600 | D:3      | Found a glowing golden altar of the Shining One.
  1605 | D:3      | Became a worshipper of the Shining One
  1605 | D:3      | Reached * piety under the Shining One
  1605 | D:3      | Reached ** piety under the Shining One
  1616 | D:3      | Noticed Terence
  1625 | D:3      | Killed Terence
  1626 | D:3      | Reached XP level 5. HP: 33/42 MP: 4/5
  1829 | D:3      | Noticed Jessica
  1839 | D:3      | Killed Jessica
  2489 | D:4      | Noticed an ogre
  2507 | D:4      | Mangled by an ogre

Illustrated notes

Levels and vault maps discovered:
D:1:      giann_wishing_wells, layout_loops_ring,
          shapermc_ecumenical_altar_hornbeckon, lemuel_flame_loot_1
D:2:      layout_loops_ring, nrook_loot_triangle
D:3:      layout_loops_ring, mainiacjoe_overflow_boulevard,
          kennysheep_crisscross, uniq_terence, uniq_jessica
D:4:      layout_basic, nicolae_custom_books, serial_bayou_pond_a

Skill      XL: |  1  2  3 |
---------------+----------+-----
Long Blades    | 4 5 |  5.9
Fighting       | 4 |  4.3
Dodging        | |  4.9
Stealth        | |  0.5

Action                     |  1- 3 |  4- 6 || total
---------------------------+-------+-------++-------
  Melee: Falchion          |    65 |    50 ||   115
         Tailslap          |       |     1 ||     1
 Invoke: Divine Shield     |       |     1 ||     1
 Armour: Robe              |    30 |    12 ||    42
  Dodge: Dodged            |    44 |    22 ||    66

Table legend: (Time is in decaauts)
 A = Elapsed time spent in this place.
 B = Non-inter-level travel time spent in this place.
 C = Inter-level travel time spent in this place.
 D = Time resting spent in this place.
 E = Time spent auto-exploring this place.
 F = Levels seen in this place.
 G = Mean time per level.
                   A        B        C        D        E       F      G
               +--------+--------+--------+--------+--------+-----+--------+
         Total |   2510 |   2410 |    100 |      0 |   2073 |   4 |  627.5 |
       Dungeon |   2510 |   2410 |    100 |      0 |   2073 |   4 |  627.5 |
               +--------+--------+--------+--------+--------+-----+--------+

Top non-repeatable levels by time:
     D:1: 835 daAuts
     D:3: 695 daAuts
     D:2: 690 daAuts
     D:4: 288 daAuts
